 Dungeon Crawl Stone Soup version 0.29.0-15-g675c0067aa (webtiles) character file.

Game seed: 14615925916325115282

123 writerjack the Chopper (level 4, 0/39 HPs)
             Began as a Minotaur Berserker on Sept 11, 2022.
             Was a Believer of Trog.
             Slain by Sigmund
             ... wielding a +0 scythe of protection
              (7 damage)
             ... on level 3 of the Dungeon.
             The game lasted 00:04:23 (1877 turns).

writerjack the Chopper (Minotaur Berserker)         Turns: 1877, Time: 00:04:23

Health: 0/39       AC:  5    Str: 23    XL:     4   Next: 79%
Magic:  3/3        EV: 11    Int:  4    God:    Trog [**....]
Gold:   176        SH:  0    Dex: 10    Spells: 3/3 levels left

rFire   . . .      SeeInvis .   a - +0 hand axe
rCold   . . .      Faith    .   (no shield)
rNeg    . . .      Spirit   .   c - +0 ring mail
rPois   .          Reflect  .   (helmet restricted)
rElec   .          Harm     .   (no cloak)
rCorr   .          Rampage  .   (no gloves)
Will    ++...                   (no boots)
Stlth   ..........              (no amulet)
HPRegen 1.13/turn               (no ring)
MPRegen 0.08/turn               (no ring)

@: strong-willed, regenerating
A: horns 2, retaliatory headbutt
a: Renounce Religion, Berserk, Trog's Hand


You were on level 3 of the Dungeon.
You worshipped Trog.
Trog was pleased with you.
You visited 1 branch of the dungeon, and saw 3 of its levels.

You collected 176 gold pieces.

Inventory:

Hand Weapons
 a - a +0 hand axe (weapon)
Armour
 b - a +0 animal skin
 c - a +0 ring mail (worn)
Scrolls
 d - 3 scrolls of teleportation {unknown}
 f - 3 scrolls of identify {unknown}
 g - 2 scrolls of magic mapping {unknown}
 h - a scroll of summoning {unknown}
 i - a scroll of enchant armour {unknown}
 l - a scroll of butterflies {unknown}
Potions
 e - 2 potions of heal wounds {unknown}
 j - 3 potions of curing {unknown}
 k - a potion of mutation {unknown}
 m - a potion of ambrosia {unknown}


   Skills:
 - Level 3.6 Fighting
 * Level 6.7 Axes
 - Level 2.4 Armour
 - Level 2.1 Dodging


You had 3 spell levels left.
You didn't know any spells.
Your spell library was empty.

Dungeon Overview and Level Annotations

Branches:
Dungeon (3/15)

Altars:

Annotations:
D:3 Sigmund


Innate Abilities, Weirdness & Mutations

You have a pair of horns on your head.
You reflexively headbutt those who attack you in melee.


Message History

There is a stone staircase leading down here.
You climb downwards.
The quokka bites you.
There is a stone staircase leading up here.
You hit the quokka.
The quokka is severely wounded.
The quokka misses you. You furiously retaliate!
You headbutt the quokka!
You kill the quokka!
Trog accepts your kill.
Found a dagger.
Found 14 gold pieces.
Sigmund the Dreaded comes into view.
He is wielding a +0 scythe of protection.
Sigmund shouts!
A giant cockroach comes into view.
You see here 14 gold pieces.
Sigmund says, "Now you see me, now you don't..."
Sigmund gestures wildly while chanting.
Sigmund flickers and vanishes!
Deactivating autopickup; reactivate with Ctrl-A.
You see here 14 gold pieces.
You now have 176 gold pieces (gained 14).
Something hits you!
You hit the giant cockroach.
You kill the giant cockroach!
Trog accepts your kill. Something hits you but does no damage.
A magic dart appears from out of thin air!
The magic dart hits you! Something hits you but does no damage.
Your skin crawls.
You feel strong-willed.
You hear some strange, mumbled words.
A puff of flame appears from out of thin air!
The puff of flame misses you.
You hit something. Something hits you!
You barely miss something. Something hits you!
You closely miss something. You closely miss something. Something hits you!
* * * LOW HITPOINT WARNING * * *
You hit something. Something hits you!
You die...

.# ..# # ..# #.
######.## #..
#^......#
#..#####.......#
#.....##.......#
#.....##.......##
#.....{@........#
##....#######.#.#
........# #.#.#
#####...# #)#.#
...... ..#.#
####### ####.#
#<##.# #.##.#
#.##.#


There were no monsters in sight!

Vanquished Creatures
  A scorpion (D:2)
  An adder (D:2)
  4 dart slugs
  2 bats
  2 endoplasms (D:1)
  2 giant cockroaches
  4 goblins
  4 hobgoblins
  10 jackals
  5 kobolds
  3 quokkas
  3 frilled lizards
  2 rats
43 creatures vanquished.

Notes
Turn   | Place    | Note
-------+----------+-------------------------------------------
     0 | D:1      | writerjack the Minotaur Berserker began the quest for the
                  | Orb.
     0 | D:1      | Reached XP level 1. HP: 19/19 MP: 0/0
   181 | D:1      | Reached skill level 4 in Axes
   465 | D:1      | Reached XP level 2. HP: 26/26 MP: 1/1
  1015 | D:2      | Reached skill level 5 in Axes
  1176 | D:2      | Noticed a scorpion
  1178 | D:2      | Killed a scorpion
  1179 | D:2      | Reached skill level 6 in Axes
  1179 | D:2      | Reached XP level 3. HP: 31/31 MP: 2/2
  1179 | D:2      | Reached XP level 4. HP: 39/39 MP: 3/3
  1237 | D:2      | Reached ** piety under Trog
  1861 | D:3      | Noticed Sigmund
  1877 | D:3      | Slain by Sigmund

Illustrated notes

Levels and vault maps discovered:
D:1:      denvon_arrival_planthouse, layout_basic
D:2:      layout_basic
D:3:      layout_basic, lemuel_tele_altar, uniq_sigmund, uniq_ijyb

Skill      XL: |  1  2 |
---------------+-------+-----
Axes           | 4 6 |  6.7
Fighting       | |  3.6
Armour         | |  2.4
Dodging        | |  2.1

Action                   |  1- 3 |  4- 6 || total
-------------------------+-------+-------++-------
Melee: Hand axe          |    49 |    48 ||    97
       Headbutt          |     5 |     5 ||    10
       Punch             |     1 |       ||     1
Invok: Trog's Hand       |       |     1 ||     1
Armor: Ring mail         |    29 |    18 ||    47
Dodge: Dodged            |    25 |    27 ||    52
